 Dungeon Crawl Stone Soup version 0.30.1-11-g7821555f0a (webtiles) character file.

Game seed: 17525671963782616880

15150 Nelofar the Slicer (level 12, -2/100 HPs)
             Began as a Human Gladiator on Dec 4, 2023.
             Was an Elder of Makhleb.
             Slain by a cane toad (15 damage)
             ... on level 1 of the Lair of Beasts.
             The game lasted 00:42:08 (10521 turns).

Nelofar the Slicer (Human Gladiator)               Turns: 10521, Time: 00:42:08

Health: -2/100     AC:  8    Str: 15    XL:     12   Next: 54%
Magic:  0/15       EV: 15    Int: 11    God:    Makhleb [****..]
Gold:   895        SH:  8    Dex: 19    Spells: 10/15 levels left

rFire   . . .        p - +0 rapier (spect)
rCold   . . .        r - +2 buckler
rNeg    . . .        F - +0 troll leather armour
rPois   .            s - +0 helmet "Waufej" {rElec Regen+ Dex+2}
rElec   +            (no cloak)
rCorr   .            (no gloves)
SInv    .            g - +1 pair of boots {Fly}
Will    .....        J - amulet of guardian spirit
Stlth   ++++         M - ring of wizardry
HPRegen 1.96/turn    z - +4 ring of slaying
MPRegen 0.14/turn

%: guardian spirit, wizardry (x1)
@: flying
A: mutation resistance 1, robust 1
a: Renounce Religion, Minor Destruction, Lesser Servant of Makhleb, Major
Destruction


You were on level 1 of the Lair of Beasts.
You worshipped Makhleb.
Makhleb was greatly pleased with you.
You visited 2 branches of the dungeon, and saw 11 of its levels.
You also visited: Bailey.

You collected 895 gold pieces.

Inventory:

Hand Weapons
 p - a +0 spectral rapier (weapon)
Missiles
 H - a curare-tipped dart (quivered)
Armour
 g - a +1 pair of boots of flying (worn)
 r - a +2 buckler (worn)
 s - the +0 helmet "Waufej" (worn) {rElec Regen+ Dex+2}
   (You found it on level 7 of the Dungeon)

   Dex:       It affects your dexterity (+2).
   rElec:     It insulates you from electricity.
   Regen:     It increases your rate of health regeneration.
 F - a +0 troll leather armour (worn)
 K - a +1 helmet
Jewellery
 y - a ring of protection from cold
 z - a +4 ring of slaying (right hand)
 G - a +4 ring of protection
 J - an amulet of guardian spirit (around neck)
 L - a ring of poison resistance
 M - a ring of wizardry (left hand)
 P - an amulet of magic regeneration
Wands
 e - a wand of acid (1)
 i - a wand of paralysis (2)
 j - a wand of polymorph (2)
 t - a wand of mindburst (9)
Scrolls
 c - 2 scrolls of blinking
 l - 3 scrolls of immolation
 m - 4 scrolls of vulnerability
 v - 3 scrolls of teleportation
 C - a scroll of fog
 O - a scroll of fear
Potions
 a - 2 potions of lignification
 b - 4 potions of haste
 d - a potion of attraction
 f - 2 potions of curing
 k - 3 potions of flight
 n - 2 potions of heal wounds
 o - 2 potions of berserk rage {unknown}
 q - 2 potions of invisibility
 u - a potion of brilliance
 w - 7 potions of magic
 x - 7 potions of mutation
 A - a potion of might
 B - 4 potions of resistance
 E - a potion of degeneration {unknown}
 I - 2 potions of ambrosia
Miscellaneous
 h - a tin of tremorstones (inert)
 D - a lightning rod (1/4)


   Skills:
 * Level 7.1 Fighting
 * Level 8.3 Short Blades
 - Level 5.5 Staves
 * Level 6.9 Throwing
 * Level 7.1 Armour
 * Level 7.1 Dodging
 * Level 6.9 Stealth
 * Level 5.5 Shields
 * Level 2.3 Spellcasting
 * Level 1.0 Conjurations
 * Level 5.1 Invocations
 * Level 5.1 Evocations


You had 10 spell levels left.
You knew the following spells:

 Your Spells              Type           Power      Damage    Failure   Level
a - Searing Ray           Conj           6%         2d4       16%         2
b - Mephitic Cloud        Conj/Pois/Air  2%         N/A       38%         3

Your spell library contained the following spells:

 Spells                   Type           Power      Damage    Failure   Level
 Magic Dart               Conj           12%        1d3       11%         1
 Slow                     Hex            4%         N/A       16%         1
 Ensorcelled Hibernation  Hex/Ice        2%         N/A       26%         2
 Dazzling Flash           Conj/Hex       4%         N/A       38%         3
 Confusing Touch          Hex            1%         N/A       43%         3
 Vampiric Draining        Necr           1%         2d6       43%         3
 Volatile Blastmotes      Fire/Tloc      2%         2d10      43%         3
 Fulminant Prism          Conj/Hex       1%         3d5       77%         4
 Iskenderun's Mystic Bla  Conj/Tloc      2%         2d3       77%         4
 Anguish                  Hex/Necr       0%         N/A       82%         4
 Starburst                Conj/Fire      1%         6d3       100%        6


Dungeon Overview and Level Annotations

Branches:
Dungeon (10/15)            Temple (0/1) D:6            Lair (1/5) D:8
    Orc (0/2) D:9          Bailey (visited)

Altars:
Cheibriados
Fedhas
Hepliaklqana
Kikubaaqudgha
Makhleb
Nemelex Xobeh
Okawaru
Trog
Wu Jian
Xom
Yredelemnul
Zin

Shops:
D:8 [

Annotations:
D:5 1 runed translucent door, auo's ghost, novice DrFE


Innate Abilities, Weirdness & Mutations

You are somewhat resistant to further mutation.
You are robust. (+10% HP)


Message History

Unknown command.
You hit the cane toad.
The cane toad is heavily wounded.
Your +0 spectral rapier barely misses the cane toad.
You feel very sick. You block the black mamba's attack.
The black mamba misses you. The cane toad misses you.
You hit the cane toad but do no damage.
The cane toad is heavily wounded.
Your +0 spectral rapier hits the cane toad.
You feel sick. The black mamba bites you.
You are more poisoned.
The black mamba poisons you! The cane toad stings you!
* * * LOW HITPOINT WARNING * * *
You are more poisoned.
The cane toad poisons you!
Aiming: Thunderbolt
Press: ? - help, Shift-Dir - straight line, f - cane toad
Aim: a cane toad (heavily wounded)
The thunderbolt hits the cane toad!
The cane toad is almost dead.
The thunderbolt hits the yak!!
The yak is heavily wounded.
The thunderbolt hits the yak!
The yak is heavily wounded.
Your +0 spectral rapier disappears.
* * * LOW HITPOINT WARNING * * *
You feel extremely sick.
You hear an angry hiss. x4
The black mamba bites you.
* * * LOW HITPOINT WARNING * * *
The black mamba bites you but does no damage.
The cane toad stings you!
* * * LOW HITPOINT WARNING * * *
You are more poisoned.
The cane toad poisons you!
You feel better.
The black mamba bites you but does no damage.
The cane toad stings you!
You die...

... ..........#..##
.........##......#..#
......?..##..........
...!.......#..#####.
......##....##
####... ##....#
......!##...#.## #
...P..S.##..#†.#.P#.#
#@FYY.†........
###Y##..##.....
####### ####.


You could see a black mamba, 3 yaks and a cane toad.

Vanquished Creatures
  2 two-headed ogres
  Amaemon (D:8)
  Pikel (D:5)
  A cyclops (D:7)
  An orange demon (D:8)
  A rime drake (Lair:1)
  5 trolls
  A hornet (D:8)
  Grinder (D:5)
  Sigmund (D:6)
  A shadow (D:7)
  4 slime creatures (D:7)
  Eustachio (D:4)
  3 wyverns
  2 basilisks (Lair:1)
  15 yaks
  A steam dragon (D:7)
  An acid dragon (D:10)
  A swamp worm (D:10)
  Duvessa (D:6)
  7 orc warriors
  A sky beast (D:6)
  2 black bears (D:8)
  2 ogres
  2 centaurs
  A lemure (D:4)
  Blork the orc (D:4)
  2 kobold brigands
  3 gnoll sergeants
  4 bullfrogs
  3 scorpions
  5 wights
  Dowan (D:6)
  3 orc priests
  5 hounds
  2 jellies
  A gnoll bouda (D:6)
  5 iguanas
  Natasha (thrice) (D:4)
  7 hell rats (Lair:1)
  6 orc wizards
  24 gnolls
  8 adders
  A shadow imp (D:6)
  3 white imps
  2 ufetubi
  2 worms
  A dart slug (D:2)
  28 orcs
  3 bats
  8 endoplasms
  2 giant cockroaches
  12 goblins
  5 hobgoblins
  2 jackals (D:1)
  A quokka (D:3)
  7 ball pythons
  5 kobolds
  8 rats
233 creatures vanquished.

Vanquished Creatures (collateral kills)
  A steam dragon (D:6)
  A sky beast (D:6)
  An adder (D:6)
3 creatures vanquished.

Vanquished Creatures (others)
  3 spectral weapons (D:7)
3 creatures vanquished.

Grand Total: 239 creatures vanquished

Notes
Turn   | Place    | Note
-------+----------+-------------------------------------------
     0 | D:1      | Nelofar the Human Gladiator began the quest for the Orb.
     0 | D:1      | Reached XP level 1. HP: 16/16 MP: 1/1
   348 | D:1      | Reached XP level 2. HP: 19/22 MP: 2/2
   635 | D:2      | Reached XP level 3. HP: 27/27 MP: 3/3
   999 | D:3      | Found an iron altar of Okawaru.
  1060 | D:3      | Found an ancient bone altar of Kikubaaqudgha.
  1168 | D:3      | Reached XP level 4. HP: 30/33 MP: 4/4
  1177 | D:3      | You fall into a shaft and drop 3 floors!
  1191 | D:5      | Entered Level 5 of the Dungeon
  1191 | D:5      | Noticed auo's ghost (novice DrFE)
  1191 | D:5      | Found a runed translucent door.
  1204 | D:5      | Reached skill level 1 in Stealth
  1230 | D:4      | Noticed Eustachio
  1237 | D:4      | Killed Eustachio
  1238 | D:4      | Reached skill level 1 in Armour
  1238 | D:4      | Reached XP level 5. HP: 39/39 MP: 5/5
  1238 | D:4      | Reached XP level 6. HP: 46/46 MP: 6/6
  1242 | D:4      | Noticed Blork the orc
  1264 | D:4      | Killed Blork the orc
  1265 | D:4      | Reached skill level 5 in Staves
  1507 | D:5      | Noticed Grinder
  1524 | D:5      | Killed Grinder
  1525 | D:5      | Reached XP level 7. HP: 21/52 MP: 7/7
  1729 | D:5      | Noticed Pikel
  1789 | D:4      | Reached skill level 1 in Short Blades
  1826 | D:4      | Noticed Natasha
  1845 | D:4      | Killed Natasha
  1903 | D:4      | Noticed Natasha
  1911 | D:4      | Killed Natasha
  1947 | D:4      | HP: 1/52 [poisoned by a kobold]
  2247 | D:5      | Killed Pikel
  2248 | D:5      | Reached skill level 2 in Short Blades
  2248 | D:5      | Reached skill level 1 in Shields
  2248 | D:5      | Reached XP level 8. HP: 34/60 MP: 8/8
  2355 | D:5      | Reached skill level 3 in Short Blades
  2958 | D:4      | Noticed Natasha
  2960 | D:4      | Killed Natasha
  3105 | D:4      | Found a burning altar of Makhleb.
  3114 | D:4      | Became a worshipper of Makhleb the Destroyer
  3377 | D:3      | Found a sparkling altar of Nemelex Xobeh.
  3916 | D:1      | Found a faded altar of an unknown god.
  4473 | D:6      | Found a staircase to the Ecumenical Temple.
  4520 | D:6      | Reached XP level 9. HP: 21/65 MP: 9/9
  4647 | D:7      | Reached skill level 1 in Evocations
  4718 | D:7      | Reached skill level 4 in Short Blades
  4912 | D:9      | Found a hazy altar of Hepliaklqana.
  4916 | D:9      | Found a staircase to the Orcish Mines.
  4935 | D:9      | Reached * piety under Makhleb
  4980 | D:9      | Noticed a troll
  5007 | D:9      | Killed a troll
  5014 | D:9      | Found a flagged portal.
  5042 | Bailey   | Entered a bailey
  5393 | Bailey   | Reached skill level 6 in Short Blades
  5393 | Bailey   | Reached skill level 5 in Stealth
  5393 | Bailey   | Reached XP level 10. HP: 30/65 MP: 9/12
  5805 | D:10     | Entered Level 10 of the Dungeon
  5827 | D:10     | Noticed a two-headed ogre
  5830 | D:10     | a two-headed ogre changed into a swamp worm
  6089 | D:10     | Reached XP level 11. HP: 61/78 MP: 13/13
  6151 | D:10     | Gained mutation: You are somewhat resistant to further
                  | mutation. [potion of mutation]
  6151 | D:10     | Gained mutation: You are robust. (+10% HP) [potion of
                  | mutation]
  6472 | D:10     | Found a bloodstained altar of Trog.
  6739 | D:9      | Reached ** piety under Makhleb
  6897 | D:9      | Found a glowing silver altar of Zin.
  6897 | D:9      | Found an ornate altar of the Wu Jian Council.
  7228 | D:8      | Found a snail-covered altar of Cheibriados.
  7232 | D:8      | Noticed a two-headed ogre
  7262 | D:8      | Killed a two-headed ogre
  7656 | D:8      | Found Nuwkuinwykk's Armour Shoppe.
  7670 | D:8      | Found a shimmering altar of Xom.
  7784 | D:8      | Reached skill level 1 in Spellcasting
  7794 | D:8      | Reached skill level 7 in Short Blades
  7794 | D:8      | Reached skill level 5 in Shields
  7845 | D:8      | Noticed Amaemon
  7872 | D:8      | Killed Amaemon
  7906 | D:8      | Found a staircase to the Lair.
  8102 | D:8      | Found a basalt altar of Yredelemnul.
  8300 | D:7      | Found a blossoming altar of Fedhas.
  8419 | D:7      | Noticed a cyclops
  8419 | D:7      | Noticed a two-headed ogre
  8433 | D:7      | Killed a two-headed ogre
  8444 | D:7      | Killed a cyclops
  8451 | D:7      | Reached XP level 12. HP: 50/97 MP: 15/15
  8463 | D:7      | Reached *** piety under Makhleb
  8501 | D:7      | Identified the +0 helmet "Waufej" {rElec Regen+ Dex+2}
  8521 | D:7      | Got the Folio of the Bewitching Coward
  9080 | D:6      | Noticed Sigmund
  9087 | D:6      | Killed Sigmund
  9150 | D:6      | Learned a level 2 spell: Searing Ray
  9507 | D:6      | Learned a level 3 spell: Mephitic Cloud
  9529 | D:6      | Noticed Duvessa
  9529 | D:6      | Noticed Dowan
  9531 | D:6      | Killed Dowan
  9532 | D:6      | Reached skill level 5 in Evocations
  9546 | D:6      | Killed Duvessa
  9584 | D:6      | Reached **** piety under Makhleb
 10100 | Lair:1   | Entered Level 1 of the Lair of Beasts
 10106 | Lair:1   | Reached skill level 8 in Short Blades
 10142 | Lair:1   | Reached skill level 5 in Invocations
 10497 | Lair:1   | Reached skill level 1 in Conjurations
 10520 | Lair:1   | HP: 4/100 [cane toad (12)]
 10521 | Lair:1   | Slain by a cane toad

Illustrated notes

Levels and vault maps discovered:
D:1:      matt_arrival_spirals, layout_rooms, nicolae_ecumenical_lake_church,
          serial_forest, infiniplex_forest_clump_tiny,
          infiniplex_forest_clump_double, infiniplex_forest_lined_3,
          infiniplex_forest_clump_curved, infiniplex_forest_lined_room_2
D:2:      layout_rooms
D:3:      layout_basic, mainiacjoe_overflow_surrounded_room, old_standard_altar,
          okawaru_trees_2
D:4:      layout_loops_ring, bloody_makhleb, portal_sewer_entry_e, uniq_natasha,
          uniq_blork_the_orc, uniq_eustachio
D:5:      layout_layer_cave, ebering_ghost_inner_flame, mrwooster_statue_mirror,
          uniq_grinder, uniq_pikel
D:6:      layout_loops_ring, temple_hall, chequers_serial_rivers_small_a,
          uniq_sigmund, uniq_duvessa
D:7:      minmay_the_grid_octo_2x2 [minmay_the_grid_octo_77,
          minmay_the_grid_octo_concentric, minmay_the_grid_octo_checkered,
          minmay_the_grid_octo_prize_star], layout_loops_ring,
          mainiacjoe_overflow_brackets
D:8:      layout_basic, mainiacjoe_overflow_24_doors, kennysheep_mini,
          mainiacjoe_overflow_paths, grunt_lair_entry_orc_guard_hut,
          serial_shops, shop, uniq_amaemon
D:9:      layout_gridville, mainiacjoe_overflow_small_starburst,
          jmf_multi_god_temple, orc_0_dummy, enter_bailey_3
D:10:     layout_small_grid, lightli_temple_of_fire, dk_noncrumbling_2,
          hangedman_abyss_or_decor_lesser_grid
Lair:1:   layout_layer_cave, wad_woods_06, lemuel_oklob_altar,
          grunt_megastairs_2

Skill      XL: |  1  2  3  4  5  6  7  8  9 10 11 12 |
---------------+-------------------------------------+-----
Staves         | 4 5 |  5.5
Stealth        | 1 2 3 5 6 |  6.9
Armour         | 1 2 3 6 7 |  7.1
Throwing       | 3 4 6 |  6.9
Fighting       | 3 4 6 7 |  7.1
Short Blades   | 2 3 6 7 8 |  8.3
Dodging        | 4 6 7 |  7.1
Shields        | 1 4 5 |  5.5
Evocations     | 4 5 |  5.1
Invocations    | 3 4 5 |  5.1
Spellcasting   | 1 2 |  2.3
Conjurations   | 1 |  1.0

Action                     |  1- 3 |  4- 6 |  7- 9 | 10-12 || total
---------------------------+-------+-------+-------+-------++-------
  Melee: Quarterstaff      |   128 |    26 |       |       ||   154
         Rapier            |       |    27 |   207 |   378 ||   612
  Throw: Javelin           |     6 |       |       |       ||     6
         Boomerang         |    11 |       |    36 |       ||    47
         Throwing net      |     1 |     4 |       |     2 ||     7
         Dart              |       |       |       |     7 ||     7
 Invoke: Minor Destruction |       |       |       |     3 ||     3
  Evoke: Wand              |       |       |    11 |    14 ||    25
         Lightning rod     |       |       |       |    11 ||    11
         Tin of tremorston |       |       |       |     2 ||     2
    Use: Scroll            |     4 |     2 |    14 |    17 ||    37
         Potion            |       |     2 |    11 |     2 ||    15
   Stab: Sleeping          |     1 |       |       |     6 ||     7
         Held in net/web   |       |     3 |       |     2 ||     5
         Distracted        |       |       |     2 |     8 ||    10
         Paralysed         |       |       |     4 |     1 ||     5
 Armour: Leather armour    |    12 |       |       |       ||    12
         Scale mail        |    12 |    20 |    30 |       ||    62
         Plate armour      |       |       |   120 |    28 ||   148
         Troll leather arm |       |       |       |    66 ||    66
  Dodge: Dodged            |    34 |    24 |   102 |   194 ||   354
  Block: Buckler           |       |       |    53 |   115 ||   168
